 Dungeon Crawl Stone Soup version 0.29.1-1-gd02db6906a (webtiles) character file.

Game seed: 498893543365721898

9421 DryNick the Severer (level 11, 0/138 HPs)
             Began as a Minotaur Berserker on Oct 3, 2022.
             Was an Elder of Trog.
             Slain by a killer bee (1 damage)
             ... on level 1 of the Lair of Beasts.
             The game lasted 01:21:32 (10789 turns).

DryNick the Severer (Minotaur Berserker)           Turns: 10789, Time: 01:21:32

Health: 0/138      AC:  8    Str: 30    XL:     11   Next: 22%
Magic:  10/10      EV: 11    Int:  4    God:    Trog [****..]
Gold:   237        SH:  0    Dex: 10    Spells: 10/10 levels left

rFire   + . .      SeeInvis +   o - +1 war axe
rCold   + + .      Faith    .   (no shield)
rNeg    . . .      Spirit   .   i - +6 ring mail of Unaink {*Corrode rC++ Str+4 SInv}
rPois   .          Reflect  .   (helmet restricted)
rElec   .          Harm     .   h - +1 cloak {Stlth+}
rCorr   +          Rampage  .   (no gloves)
Will    .....                   e - +0 pair of boots
Stlth   ..........              u - amulet of the acrobat
HPRegen 0.33/turn               J - ring of resist corrosion
MPRegen 0.12/turn               D - ring of flight

@: berserking, lethally poisoned (0 -> -9), corroded, flying, very quick
A: horns 2, retaliatory headbutt, fire resistance 1
a: Renounce Religion, Berserk, Trog's Hand, Brothers in Arms


You were on level 1 of the Lair of Beasts.
You worshipped Trog.
Trog was greatly pleased with you.
You visited 2 branches of the dungeon, and saw 9 of its levels.

You collected 412 gold pieces.
You spent 175 gold pieces at shops.

Inventory:

Hand Weapons
 c - a +3 whip
 f - a +3 quarterstaff of chaos
 o - a +1 war axe (weapon)
 q - a +2 trident of venom
 r - a +1 dagger of draining
 w - the +2 dagger of the Special Knaves {drain, rPois}
   (You found it on level 4 of the Dungeon)

   A truly terrible weapon, it drains the life of any living foe it strikes.
   rPois:     It protects you from poison.
 y - a +0 spectral club
 F - a +0 hand axe of venom
Missiles
 d - 97 stones (quivered)
Armour
 e - a +0 pair of boots (worn)
 h - a +1 cloak of stealth (worn)
 i - the +6 ring mail of Unaink (worn) {*Corrode rC++ Str+4 SInv}
   (You found it on level 5 of the Dungeon)

   Str:       It affects your strength (+4).
   rC:        It greatly protects you from cold.
   SInv:      It lets you see invisible.
   *Corrode:  It may corrode you when you take damage.
 k - the +9 chain mail "Usoskoro" {rN+}
   (You found it on level 2 of the Dungeon)

   rN:        It protects you from negative energy.
 s - the +0 scale mail of Jozxicong {+Blink SInv}
   (You found it on level 6 of the Dungeon)

   SInv:      It lets you see invisible.
   +Blink:    It lets you blink.
 x - the +1 hat of Umiem {Contam *Slow +Inv rF+++}
   (You found it on level 7 of the Dungeon)

   rF:        It renders you almost immune to fire.
   +Inv:      It lets you turn invisible.
   Contam:    It causes magical contamination when unequipped.
   *Slow:     It may slow you when you take damage.
 A - a +2 scale mail of fire resistance
Jewellery
 l - the ring of Tulips {Will+ Int+3}
   (You found it on level 3 of the Dungeon)

   [ring of willpower]

   Int:       It affects your intelligence (+3).
   Will:      It increases your willpower.
 u - an amulet of the acrobat (around neck)
 D - a ring of flight (right hand)
 E - a ring of see invisible
 I - a ring of fire
 J - a ring of resist corrosion (left hand)
Wands
 t - a wand of flame (2)
 z - a wand of light (6)
 H - a wand of digging (2)
Scrolls
 a - 2 scrolls of immolation
 p - 2 scrolls of butterflies
 v - 3 scrolls of enchant weapon
 C - a scroll of blinking
 G - a scroll of identify
 L - a scroll of teleportation
Potions
 b - a potion of ambrosia
 g - 4 potions of haste
 j - 2 potions of cancellation
 m - a potion of curing
 n - 4 potions of attraction
 B - a potion of invisibility
 K - 2 potions of lignification


   Skills:
 + Level 7.4 Fighting
 + Level 18.6 Axes
 + Level 6.8 Armour
 - Level 2.1 Dodging


You had 10 spell levels left.
You didn't know any spells.
Your spell library contained the following spells:

 Spells                   Type           Power      Damage    Failure   Level
 Magic Dart               Conj           0%         1d3       61%         1
 Shock                    Conj/Air       0%         1d3       61%         1
 Call Imp                 Summ           0%         N/A       75%         2
 Passwall                 Tmut/Erth      0%         N/A       75%         2
 Searing Ray              Conj           0%         2d4       75%         2
 Mephitic Cloud           Conj/Pois/Air  0%         N/A       93%         3
 Summon Guardian Golem    Hex/Summ       0%         N/A       93%         3
 Swiftness                Air            0%         N/A       93%         3
 Tukima's Dance           Hex            0%         N/A       93%         3
 Airstrike                Air            0%         2d(0-16)  100%        4
 Fulminant Prism          Conj/Hex       0%         3d6       100%        4
 Passage of Golubria      Tloc           0%         N/A       100%        4
 Sticky Flame             Conj/Fire      0%         2d3       100%        4
 Lee's Rapid Deconstruct  Erth           0%         3d5*      100%        5
 Yara's Violent Unravell  Hex/Tmut       0%         3d3       100%        5
 Iron Shot                Conj/Erth      0%         9d1       100%        6
 Orb of Destruction       Conj           0%         9d5       100%        7
 Spellforged Servitor     Conj/Summ      0%         N/A       100%        7


Dungeon Overview and Level Annotations

Branches:
Dungeon (8/15)             Temple (0/1) D:4            Lair (1/5) D:8

Altars:
Nemelex Xobeh
Xom

Shops:
D:4 =

Annotations:
Lair:1 3 runed translucent doors, Bilamnug's ghost, journeyman HOFi; Feffos's ghost, journeyman OpCj; Purph's ghost, journeyman MiBe; Zusoliwk's ghost, journeyman CeHu


Innate Abilities, Weirdness & Mutations

You have a pair of horns on your head.
You reflexively headbutt those who attack you in melee.
Your flesh is heat resistant. (rF+)


Message History

* * * LOW HITPOINT WARNING * * *
The killer bee stings you!
* * * LOW HITPOINT WARNING * * *
The killer bee closely misses you. x2; You furiously retaliate!
You headbutt the killer bee, but do no damage.
You feel better. The killer bee closely misses you.
The killer bee stings you but does no damage.
The killer bee completely misses you. You furiously retaliate!
You headbutt the killer bee.
The killer bee stings you but does no damage.
You feel better. The killer bee stings you.
* * * LOW HITPOINT WARNING * * *
You are poisoned.
The killer bee poisons you! The killer bee barely misses you.
The killer bee completely misses you. The killer bee barely misses you.
You furiously retaliate!
You headbutt the killer bee, but do no damage.
The killer bee stings you but does no damage.
The killer bee stings you.
* * * LOW HITPOINT WARNING * * *
A red film seems to cover your vision as you go berserk!
You feel yourself moving faster!
You feel mighty!
You feel sick. The killer bee closely misses you.
The killer bee barely misses you. You furiously retaliate!
You headbutt the killer bee! The killer bee barely misses you.
The killer bee stings you but does no damage.
The killer bee stings you.
* * * LOW HITPOINT WARNING * * *
You are lethally poisoned!
The killer bee poisons you! The killer bee closely misses you.
You furiously retaliate!
You headbutt the killer bee, but do no damage.
You are too berserk!
You barely miss the killer bee. You slash the killer bee!
You closely miss the killer bee.
* * * LOW HITPOINT WARNING * * *
You feel sick. The killer bee stings you.
* * * LOW HITPOINT WARNING * * *
The killer bee stings you.
You die...

#.#..... #######
#..#.... ##[....##
##>###... #.......#
#P..###.. ##.......#
##.## ##. #........#
#.P###.. ##.......#
#.##.... #.......#
##.......
##y@.....###......##
#yyy.....##.....###
#y######.#....###
#y. #.......# ###.
#..##...# yy
#.#####.## yy ###
#..# #


yyy #..#### .!# #..†... You could see 6 killer bees.

Vanquished Creatures
  A cane toad (Lair:1)
  3 komodo dragons (Lair:1)
  A rime drake (Lair:1)
  A polar bear (Lair:1)
  Grinder (D:3)
  A queen bee (Lair:1)
  5 blink frogs (Lair:1)
  A spriggan (D:7)
  3 wyverns
  9 yaks
  A basilisk (Lair:1)
  Menkaure (D:4)
  4 water moccasins
  2 orc warriors (D:8)
  3 black bears
  3 ogres
  2 ice beasts
  4 wolves (Lair:1)
  2 centaurs (D:8)
  3 phantoms
  A kobold brigand (D:6)
  2 bullfrogs (D:7)
  2 necrophages
  4 scorpions
  15 killer bees
  6 howler monkeys
  3 hounds
  Crazy Yiuf (D:5)
  4 orc priests
  Ijyb (D:4)
  3 jellies
  Jessica (D:3)
  Natasha (thrice) (D:4)
  4 iguanas
  7 orc wizards
  8 adders
  A white imp (D:6)
  2 ufetubi
  3 worms
  2 dart slugs
  37 orcs
  9 ball pythons
  3 endoplasms (D:2)
  2 giant cockroaches
  5 goblins
  6 hobgoblins
  8 jackals
  4 quokkas
  7 bats
  A frilled lizard (D:1)
  14 kobolds
  2 rats
222 creatures vanquished.

Vanquished Creatures (others)
  5 fungi (Lair:1)
  7 plants (D:4)
12 creatures vanquished.

Grand Total: 234 creatures vanquished

Notes
Turn   | Place    | Note
-------+----------+-------------------------------------------
     0 | D:1      | DryNick the Minotaur Berserker began the quest for the Orb.
     0 | D:1      | Reached XP level 1. HP: 19/19 MP: 0/0
   263 | D:1      | Reached skill level 4 in Axes
   329 | D:1      | Reached XP level 2. HP: 24/26 MP: 1/1
   941 | D:1      | Found a faded altar of an unknown god.
   955 | D:1      | Reached ** piety under Trog
   956 | D:1      | Reached skill level 5 in Axes
  1363 | D:2      | Reached XP level 3. HP: 30/31 MP: 2/2
  1382 | D:2      | Identified the +9 chain mail "Usoskoro" {rN+}
  2289 | D:3      | Noticed a phantom
  2305 | D:3      | Killed a phantom
  2306 | D:3      | Reached skill level 6 in Axes
  2306 | D:3      | Reached XP level 4. HP: 33/39 MP: 3/3
  2379 | D:3      | Reached XP level 5. HP: 44/45 MP: 4/4
  2393 | D:3      | Reached skill level 7 in Axes
  2559 | D:3      | Identified the ring of Tulips {Will+ Int+3}
  2847 | D:3      | Reached skill level 8 in Axes
  2962 | D:3      | Noticed Grinder
  2977 | D:3      | Killed Grinder
  2978 | D:3      | Reached skill level 9 in Axes
  2978 | D:3      | Reached XP level 6. HP: 43/51 MP: 5/5
  3117 | D:3      | Noticed Jessica
  3126 | D:3      | Killed Jessica
  3127 | D:3      | Reached XP level 7. HP: 48/57 MP: 6/6
  3260 | D:4      | Noticed Menkaure
  3271 | D:4      | Killed Menkaure
  3272 | D:4      | Reached skill level 10 in Axes
  3317 | D:4      | Found a staircase to the Ecumenical Temple.
  3374 | D:4      | Reached *** piety under Trog
  3498 | D:4      | Found Uggiep's Jewellery Boutique.
  3623 | D:4      | Found a shimmering altar of Xom.
  3623 | D:4      | Found a shimmering altar of Xom.
  3623 | D:4      | Found a shimmering altar of Xom.
  3624 | D:4      | Found a shimmering altar of Xom.
  3624 | D:4      | Found a shimmering altar of Xom.
  3624 | D:4      | Found a shimmering altar of Xom.
  3717 | D:4      | Identified the +2 dagger of the Special Knaves {drain,
                  | rPois}
  3790 | D:4      | Noticed Ijyb
  3802 | D:4      | Killed Ijyb
  3847 | D:4      | Noticed Natasha
  3855 | D:4      | Killed Natasha
  3856 | D:4      | Reached skill level 11 in Axes
  4162 | D:4      | Reached XP level 8. HP: 53/64 MP: 7/7
  4420 | D:4      | Noticed Natasha
  4469 | D:4      | Bought a ring of flight for 175 gold pieces
  4549 | D:4      | Found a sparkling altar of Nemelex Xobeh.
  4607 | D:4      | Gained mutation: Your flesh is heat resistant. (rF+)
                  | [potion of mutation]
  4650 | D:4      | Killed Natasha
  4658 | D:4      | Noticed Natasha
  4664 | D:4      | Killed Natasha
  4732 | D:5      | Entered Level 5 of the Dungeon
  4771 | D:5      | Reached skill level 12 in Axes
  4888 | D:5      | Got Qutemnar's Papyrus of Damage Dealing and Metal
  5152 | D:5      | Reached skill level 13 in Axes
  6042 | D:5      | Found a runed translucent door.
  6043 | D:5      | Noticed Crazy Yiuf
  6052 | D:5      | Killed Crazy Yiuf
  6197 | D:5      | Identified the +6 ring mail of Unaink {*Corrode rC++ Str+4
                  | SInv}
  6614 | D:6      | Reached **** piety under Trog
  6618 | D:6      | Reached skill level 14 in Axes
  6750 | D:6      | Reached XP level 9. HP: 61/70 MP: 8/8
  6867 | D:6      | Identified the +0 scale mail of Jozxicong {+Blink SInv}
  7521 | D:7      | Reached skill level 15 in Axes
  7744 | D:7      | Identified the +1 hat of Umiem {Contam *Slow +Inv rF+++}
  7865 | D:7      | Reached skill level 16 in Axes
  8636 | D:8      | Found a staircase to the Lair.
  9004 | D:8      | Reached skill level 17 in Axes
  9071 | D:8      | Reached XP level 10. HP: 73/77 MP: 9/9
  9585 | Lair:1   | Entered Level 1 of the Lair of Beasts
  9589 | Lair:1   | Found a runed translucent gate.
  9626 | Lair:1   | Reached skill level 5 in Fighting
  9626 | Lair:1   | Reached skill level 18 in Axes
  9896 | Lair:1   | Found a runed translucent gate.
  9924 | Lair:1   | Found a runed translucent gate.
  9925 | Lair:1   | Noticed Bilamnug's ghost (journeyman HOFi)
  9925 | Lair:1   | Noticed Zusoliwk's ghost (journeyman CeHu)
  9925 | Lair:1   | Noticed Feffos's ghost (journeyman OpCj)
  9925 | Lair:1   | Noticed Purph's ghost (journeyman MiBe)
  9953 | Lair:1   | Reached skill level 5 in Armour
 10446 | Lair:1   | Reached XP level 11. HP: 91/91 MP: 10/10
 10785 | Lair:1   | HP: 2/92 [killer bee (7)]
 10789 | Lair:1   | Slain by a killer bee

Illustrated notes

Levels and vault maps discovered:
D:1:      elethiomel_arrival_quiet, layout_loops_corners,
          shapermc_ecumenical_altar_pompeii
D:2:      layout_rooms, lightli_corner_chamber
D:3:      layout_basic, minmay_surrounded, uniq_grinder, uniq_jessica
D:4:      layout_cave_pods, nemelex_diamond_rough_becter, xom_redecorated,
          minmay_temple_entry_gardened_gates, serial_shops, shop_fountains,
          minmay_misc_feat_hallway, minmay_box_of_dots, uniq_natasha, uniq_ijyb,
          uniq_menkaure
D:5:      layout_basic, uniq_crazy_yiuf_cottage
D:6:      layout_loops_ring, st_stairs_8
D:7:      layout_basic, the_hattery
D:8:      layout_loops_ring, lair_entry_dummy,
          eino_small_chamber_without_monster
Lair:1:   layout_cave_pods, gammafunk_ghost_cemetery, special_room
          [special_room_bee], basic_altar, nzn_masters_of_martial_movement

Skill      XL: |  1  2  3  4  5  6  7  8  9 10 11 |
---------------+----------------------------------+-----
Axes           | 4 5 6 9 11 14 17 18 | 18.6
Fighting       | 6 7 |  7.4
Armour         | 6 |  6.8
Dodging        | |  2.1

Action                   |  1- 3 |  4- 6 |  7- 9 | 10-12 || total
-------------------------+-------+-------+-------+-------++-------
Melee: Hand axe          |    81 |    37 |       |       ||   118
       Headbutt          |    12 |    10 |    71 |    31 ||   124
       War axe           |       |    31 |   344 |   143 ||   518
       Punch             |       |       |     5 |     1 ||     6
Invok: Berserk           |       |     1 |     1 |     4 ||     6
       Trog's Hand       |       |       |     2 |     2 ||     4
Evoke: Wand              |       |       |     1 |       ||     1
  Use: Scroll            |     7 |     1 |    11 |     2 ||    21
       Potion            |       |       |     6 |     5 ||    11
Armor: Animal skin       |     5 |       |       |       ||     5
       Leather armour    |    37 |       |       |       ||    37
       Chain mail        |     1 |    52 |   177 |     8 ||   238
       Ring mail         |       |       |       |    62 ||    62
Dodge: Dodged            |    61 |    28 |   145 |    93 ||   327
